Map: Odyssey LE

Players

Bung - Winner!

  • Race: Terran Terran
  • Spawn Location: 5:00

Yata

  • Race: Zerg Zerg
  • Spawn Location: 11:00

VOD

Have the link to the VOD?

Description

Time

  • Played on: July 6, 2017, 8:44 p.m.
  • Length: 11:00
Show
View Real Time Build Order
Export as new Build Order

Bung Terran - Winner!

Build Orders:  

Get SALT Encoding   

  12  0:03  SCV  
  13  0:18  SCV  
  14  0:30  SCV  
  14  0:31  Supply Depot  
  15  0:46  Supply Depot  
  15  0:52  SCV  
  16  1:01  Refinery  
  16  1:05  SCV  
  17  1:16  Refinery  
  17  1:17  SCV  
  18  1:26  Barracks  
  18  1:39  Engineering Bay  
  18  1:43  SCV  
  19  1:55  SCV  
  20  2:08  SCV  
  21  2:15  Supply Depot  
  21  2:20  SCV  
  22  2:23  Marine  
  23  2:32  SCV  
  24  2:41  Marine  
  25  2:52  Terran Infantry Weapons Level 1  
  25  2:59  Supply Depot, Marine  
  26  3:17  Marine  
  26  3:19  SCV  
  28  3:26  Barracks  
  28  3:31  SCV  
  29  3:34  Marine  
  30  3:52  Marine  
  31  3:57  Barracks  
  31  4:10  Marine  
  31  4:15  Command Center  
  32  4:28  Marine  
  32  4:30  Reaper  
  34  4:57  Supply Depot  
  34  5:02  Reaper  
  35  5:09  Reaper  
  35  5:12  Reaper  
  37  5:34  Reaper  
  38  5:40  SCV  
  38  5:41  Reaper  
  40  5:44  Reaper  
  41  5:52  SCV  
  42  5:58  Terran Infantry Armor Level 1  
  42  6:04  SCV  
  42  6:06  Reaper  
  44  6:13  Reaper  
  44  6:16  Reaper, SCV  
  47  6:28  SCV  
  48  6:38  Reaper  
  49  6:45  Reaper  
  49  6:48  Reaper  
  50  6:58  SCV  
  51  7:08  Supply Depot  
  51  7:10  Reaper, SCV  
  51  7:12  Supply Depot  
  53  7:17  Reaper  
  53  7:20  Reaper  
  53  7:22  SCV  
  54  7:34  SCV  
  54  7:42  Reaper  
  54  7:46  SCV  
  54  7:49  Reaper  
  53  7:52  Reaper  
  54  8:14  Reaper  
  54  8:19  Barracks  
  53  8:21  Reaper, SCV  
  53  8:24  Reaper  
  55  8:33  SCV  
  56  8:43  Barracks  
  56  8:46  Reaper  
  57  8:49  Supply Depot  
  57  8:53  Reaper  
  58  8:56  Reaper  
  55  9:05  Command Center  
  55  9:11  Barracks Tech Lab  
  55  9:19  Reaper  
  56  9:29  Reaper  
  58  9:47  Barracks Tech Lab  
  58  9:51  Reaper  
  58  10:01  Reaper  
  59  10:11  Marauder  
  61  10:23  Reaper  
  62  10:33  Marauder  
  65  10:41  SCV  
  66  10:47  Supply Depot  
  64  10:55  Supply Depot  
Show
View Real Time Build Order
Export as new Build Order

Yata Zerg 

Build Orders: Hatch First 

Get SALT Encoding   

  12  0:07  Drone  
  13  0:16  Drone  
  13  0:21  Overlord  
  14  0:42  Drone x3  
  17  1:00  Hatchery  
  16  1:06  Drone x2  
  18  1:22  Extractor  
  17  1:35  Overlord  
  17  1:59  Drone  
  18  2:03  Drone  
  19  2:14  Spawning Pool  
  18  2:41  Drone x2  
  20  3:05  Hatchery  
  19  3:16  Drone x3  
  22  3:28  Zergling x6  
  25  3:59  Drone x2  
  27  4:05  Drone x3  
  30  4:24  Drone  
  30  4:28  Zergling x6  
  34  4:51  Zergling x2  
  34  4:52  Zergling x2  
  36  5:13  Drone x3  
  39  5:43  Roach Warren  
  38  5:57  Drone x3  
  40  6:24  Zergling x4  
  40  6:25  Zergling x2  
  41  6:34  Overlord x3  
  39  6:59  Overlord x2  
  39  7:00  Roach  
  35  7:24  Zergling x4  
  24  7:54  Zergling x6  
  24  7:58  Zergling x2  
  24  7:59  Zergling x4  
  26  8:15  Zergling x2  
  22  8:23  Overlord  
  22  8:24  Zergling x2  
  22  8:27  Zergling x2  
  22  8:46  Zergling x2  
  22  8:47  Zergling x2  
  22  8:55  Roach Warren  
  21  9:40  Hatchery  
  18  10:15  Zergling x2  
  18  10:24  Zergling x6  
  20  10:36  Baneling Nest  
Tags
 
Matchup
TvZ
Replay Pack
Pack 1
Spawn Locations
Cross Positions
Add a new tag
Caveats
  • Supply blocks, unpowered buildings, or Contaminate may cause inaccurate times.
  • Supply counts are checked every 10 seconds.